 Dungeon Crawl Stone Soup version 0.29-a0-393-g47a863cc1b (webtiles) character file.

Game seed: 5119166469389074619

203 Bapho the Magician (level 5, -4/28 HPs)
             Began as a Deep Elf Hedge Wizard on May 10, 2022.
             Slain by an ice beast (11 damage)
             ... on level 2 of the Dungeon.
             The game lasted 00:06:36 (3673 turns).

Bapho the Magician (Deep Elf Hedge Wizard)          Turns: 3673, Time: 00:06:37

Health: -4/28      AC:  3    Str:  7    XL:     5   Next: 51%
Magic:  6/14       EV: 12    Int: 21    God:
Gold:   174        SH:  0    Dex: 14    Spells: 6/14 levels left

rFire   . . .      SeeInvis .   a - +0 dagger
rCold   . . .      Faith    .   (no shield)
rNeg    . . .      Spirit   .   b - +0 robe
rPois   .          Reflect  .   c - +0 hat
rElec   .          Harm     .   (no cloak)
rCorr   .          Rampage  .   (no gloves)
Will    +....                   j - +0 pair of boots
Stlth   ++........              (no amulet)
HPRegen 0.09/turn               k - ring of willpower
MPRegen 0.14/turn               (no ring)

@: very slightly contaminated
A: no striking features
a: no special abilities


You were on level 2 of the Dungeon.
You visited 1 branch of the dungeon, and saw 3 of its levels.

You collected 174 gold pieces.

Inventory:

Hand Weapons
 a - a +0 dagger (weapon)
 g - a +1 vampiric short sword
Armour
 b - a +0 robe (worn)
 c - a +0 hat (worn)
 j - a +0 pair of boots (worn)
Jewellery
 k - a ring of willpower (left hand)
Scrolls
 i - a scroll of immolation {unknown}
 l - a scroll of fog {unknown}
Potions
 d - 2 potions of magic
 e - a potion of lignification {unknown}
 f - a potion of curing {unknown}
 h - 2 potions of haste {unknown}
 m - 2 potions of attraction {unknown}
 n - a potion of heal wounds {unknown}


   Skills:
 - Level 2.6 Dodging
 - Level 2.4 Stealth
 - Level 5.2 Spellcasting
 + Level 3.2 Conjurations
 - Level 1.1 Summonings
 - Level 1.1 Translocations
 * Level 2.5 Air Magic
 * Level 2.8 Poison Magic


You had 6 spell levels left.
You knew the following spells:

 Your Spells              Type           Power      Damage    Failure   Level
a - Magic Dart            Conj           76%        1d6       2%          1
b - Blink                 Tloc           20%        N/A       11%         2
c - Call Imp              Summ           10%        N/A       11%         2
d - Mephitic Cloud        Conj/Pois/Air  17%        N/A       10%         3

Your spell library contained the following spells:

 Spells                   Type           Power      Damage    Failure   Level
 Slow                     Hex            20%        N/A       11%         1
 Conjure Flame            Conj/Fire      12%        6-21      16%         3


Dungeon Overview and Level Annotations

Branches:
Dungeon (3/15)

Altars:

Shops:
D:1 [


Message History

The magic dart hits the ice beast.
The ice beast is lightly wounded.
The magic dart hits the ice beast.
The ice beast is moderately wounded.
The ice beast misses you.
You miscast Magic Dart.
You are very lightly contaminated with residual magic.
Nothing appears to happen.
The ice beast hits you. The ice beast freezes you!
Casting: Magic Dart (safe; 2% risk of failure)
Confirm with . or Enter, or press ? or * to list all spells.
You are still too unstable to blink.
Casting: Blink (safe; 11% risk of failure)
Confirm with . or Enter, or press ? or * to list all spells.
You are still too unstable to blink.
The ice beast attacks as you move away!
The ice beast hits you but does no damage.
You feel stable enough to blink again.
Casting: Blink (safe; 11% risk of failure)
Confirm with . or Enter, or press ? or * to list all spells.
You blink.
You feel stable enough to blink again.
Your magical contamination has completely faded away.
You open the door. The ice beast attacks as you move away!
The ice beast barely misses you.
There is an open door here.
Casting: Blink (safe; 11% risk of failure)
Confirm with . or Enter, or press ? or * to list all spells.
You miscast Blink.
You are very lightly contaminated with residual magic.
Nothing appears to happen.
The ice beast hits you. The ice beast freezes you!
* * * LOW HITPOINT WARNING * * *
Casting: Blink (safe; 11% risk of failure)
Confirm with . or Enter, or press ? or * to list all spells.
You blink.
There is an escape hatch in the ceiling here.
You feel stable enough to blink again. The ice beast hits you.
* * * LOW HITPOINT WARNING * * *
The ice beast freezes you!
You die...

#.#...############
############...#...# #......
#................#.# #.####.
#####.###.#..........#.####......
.................................
..#########............####.#..#.
...# #.##.#.#.##.##...........
.#)# #......<.................
.#.# #(#....Y@.#.##.####......
.#.######.#....#..#.##.#####..#..
##.##.....#..........#...........
##..#.######'#.#..#..####..#..#..
......# #.#.#..#..# #..#..#..
###...# #.#.#..#..# #..#..###
##..# #.#.##.#..# #..#..... #.##
#.#.####..####..##.###
#..######.#.............#.....


You could see an ice beast.

Vanquished Creatures
  A phantom (D:3)
  2 gnolls
  5 adders
  A dart slug (D:1)
  5 ball pythons
  4 bats
  6 endoplasms
  4 giant cockroaches
  3 goblins
  5 hobgoblins
  6 jackals
  7 kobolds
  5 quokkas
  5 frilled lizards
  3 rats
62 creatures vanquished.

Vanquished Creatures (others)
  A fungus (D:1)
1 creature vanquished.

Grand Total: 63 creatures vanquished

Notes
Turn   | Place    | Note
-------+----------+-------------------------------------------
     0 | D:1      | Bapho the Deep Elf Hedge Wizard began the quest for the
                  | Orb.
     0 | D:1      | Reached XP level 1. HP: 10/10 MP: 7/7
   242 | D:1      | Reached XP level 2. HP: 15/15 MP: 3/9
   318 | D:1      | Found Pisy's Antique Armour Shop.
   319 | D:1      | Found a faded altar of an unknown god.
   327 | D:1      | Got Plato's Compendium of Confrontation
   560 | D:1      | Reached skill level 5 in Spellcasting
   963 | D:1      | Reached XP level 3. HP: 19/19 MP: 9/11
  1495 | D:2      | Learned a level 2 spell: Blink
  1498 | D:2      | Learned a level 2 spell: Call Imp
  1502 | D:2      | Learned a level 3 spell: Mephitic Cloud
  1939 | D:2      | Reached skill level 1 in Air Magic
  1939 | D:2      | Reached skill level 1 in Poison Magic
  2409 | D:2      | Reached XP level 4. HP: 24/24 MP: 9/13
  3136 | D:3      | Noticed a phantom
  3149 | D:3      | Killed a phantom
  3150 | D:3      | Reached XP level 5. HP: 24/28 MP: 1/14
  3356 | D:3      | Noticed an ice beast
  3673 | D:2      | Slain by an ice beast

Illustrated notes

Levels and vault maps discovered:
D:1:      ncdulo_lavacross, layout_basic, serial_shops, nicolae_diamond_shop,
          shapermc_ecumenical_altar_rom_forum, grunt_decor_cap
D:2:      layout_basic
D:3:      layout_rooms, grunt_ministairs_15

Skill      XL: |  1  2  3  4 |
---------------+-------------+-----
Conjurations   | 2 3 |  3.2
Spellcasting   | 5 |  5.2
Air Magic      | 1 2 |  2.5
Poison Magic   | 1 2 |  2.8
Dodging        | |  2.6
Stealth        | |  2.4
Summonings     | |  1.1
Translocations | |  1.1

Action                   |  1- 3 |  4- 6 || total
-------------------------+-------+-------++-------
Melee: Dagger            |     7 |       ||     7
 Cast: Magic Dart        |    99 |    83 ||   182
       Mephitic Cloud    |       |     2 ||     2
       Blink             |       |     4 ||     4
  Use: Scroll            |     1 |       ||     1
Armor: Robe              |     3 |     8 ||    11
Dodge: Dodged            |    12 |    26 ||    38

Table legend: (Time is in decaauts)
 A = Elapsed time spent in this place.
 B = Non-inter-level travel time spent in this place.
 C = Inter-level travel time spent in this place.
 D = Time resting spent in this place.
 E = Time spent auto-exploring this place.
 F = Levels seen in this place.
 G = Mean time per level.
                   A        B        C        D        E       F      G
               +--------+--------+--------+--------+--------+-----+--------+
         Total |   3674 |   3578 |     96 |     81 |   3077 |   3 | 1224.7 |
       Dungeon |   3674 |   3578 |     96 |     81 |   3077 |   3 | 1224.7 |
               +--------+--------+--------+--------+--------+-----+--------+

Top non-repeatable levels by time:
     D:2: 1640 daAuts
     D:1: 1324 daAuts
     D:3: 710 daAuts
